 Dungeon Sprint DCSS version 0.27-a0-1347-gd8886f0a89 (webtiles) character file.

Game seed: 13765226219056427981

7899 mhtbhm the Eclecticist (level 11, -18/55 HPs)
             Began as a Deep Elf Earth Elementalist on June 27, 2021.
             Was the Champion of Vehumet.
             Killed from afar by a deep elf annihilator (42 damage)
             ... with a bolt of lightning
             ... in the Dungeon (Sprint III: "The Ten Rune Challenge").
             The game lasted 00:04:26 (1505 turns).

mhtbhm the Eclecticist (DEEE)                       Turns: 1505, Time: 00:04:27

Health: -18/55     AC:  5    Str:  7    XL:     11   Next: 2%
Magic:  6/37       EV: 14    Int: 26    God:    Vehumet [******]
Gold:   1905       SH:  0    Dex: 17    Spells: 33/51 levels left

rFire    . . .     SeeInvis .   q - +3 long sword (holy)
rCold    . . .     Faith    .   (no shield)
rNeg     . . .     Spirit   .   b - +0 robe
rPois    .         Reflect  .   (no helmet)
rElec    .         Harm     +   s - scarf {harm}
rCorr    .         Rampage  .   (no gloves)
Will     +....     NoTele   +   a - +2 pair of boots
Stlth    +++.......             (no amulet)
HPRegen  0.18/turn              (no ring)
MPRegen  0.25/turn              (no ring)

@: no status effects
A: agile 1, clever 1, strong 1, subdued magic 1
a: Renounce Religion


You were in the Dungeon.
You worshipped Vehumet.
Vehumet was exalted by your worship.
You visited 1 branch You collected 1905 gold pieces.

Inventory:

Hand Weapons
 q - a +3 long sword of holy wrath (weapon)
Missiles
 i - 14 stones
Armour
 a - a +2 pair of boots (worn)
 b - a +0 robe (worn)
 s - a scarf of harm (worn)
Wands
 c - a wand of iceblast (16)
 j - a wand of polymorph (11)
Scrolls
 h - a scroll of blinking
 l - a scroll of torment {unknown}
 m - 2 scrolls of identify {unknown}
 o - 2 scrolls of immolation {unknown}
Potions
 d - a potion of heal wounds
 e - a potion of haste
 f - 4 potions of magic
 g - 2 potions of berserk rage
 k - 2 potions of mutation
 n - a potion of flight {unknown}
 p - a potion of curing
 r - a potion of might
Miscellaneous
 t - a lightning rod (4/4)


   Skills:
 + Level 0.5 Fighting
 + Level 4.9 Dodging
 + Level 6.6 Stealth
 + Level 20.8 Spellcasting
 + Level 3.2 Conjurations
 + Level 4.7 Transmutations
 + Level 19.1 Earth Magic
 + Level 0.5 Poison Magic


You had 33 spell levels left.
You knew the following spells:

 Your Spells              Type           Power      Damage    Failure   Level
a - Sandblast             Erth           100%       2d20      0%          1
b - Passwall              Tmut/Erth      51%        N/A       0%          2
c - Stone Arrow           Conj/Erth      100%       3d13      0%          3
d - Lee's Rapid Deconstr  Erth           38%        3d20*     0%          5
e - Petrify               Tmut/Erth      62%        N/A       1%          4
f - Mephitic Cloud        Conj/Pois/Air  25%        N/A       1%          3

Your spell library contained the following spells:

 Spells                   Type           Power      Damage    Failure   Level
 Orb of Destruction       Conj           16%        9d8       58%         7
 Magic Dart               Conj           100%       1d8       1%          1
 Searing Ray              Conj           66%        3d5       1%          2
 Dazzling Flash           Conj/Hex       54%        N/A       1%          3
 Fulminant Prism          Conj/Hex       13%        3d9       1%          4
 Iskenderun's Mystic Bla  Conj/Tloc      27%        2d7       1%          4
 Confusing Touch          Hex            20%        N/A       3%          3
 Gell's Gravitas          Tloc           10%        N/A       3%          3
 Yara's Violent Unravell  Hex/Tmut       15%        3d8       3%          5
 Metabolic Englaciation   Hex/Ice        10%        N/A       34%         5


Dungeon Overview and Level Annotations

Branches:
Dungeon (1/1)

Altars:
Cheibriados
Dithmenos
Elyvilon
Fedhas
Gozag
Hepliaklqana
Kikubaaqudgha
Makhleb
Nemelex Xobeh
Okawaru
Qazlal
Ru
Sif Muna
Trog
Uskayaw
Vehumet
Wu Jian
Xom
Yredelemnul
Zin
The Shining One
Beogh
Jiyva
Lugonu

Shops:
D (


Innate Abilities, Weirdness & Mutations

You are agile. (Dex +2)
Your mind is acute. (Int +2)
Your muscles are strong. (Str +2)
Your spells are a little easier to cast, but a little less powerful.


Message History

Confirm with . or Enter, or press ? or * to list all spells.
Aiming: Lee's Rapid Deconstruction (safe; 0% risk of failure)
Press: ? - help, Dir - move target A stone wall.
The wall shatters!
The blast of rock fragments hits the deep elf high priest!
You kill the deep elf high priest!
Vehumet accepts your kill.
You feel your power returning.
Your Earth Magic skill increases to level 19!
You have reached level 11!
Unknown command.
Casting: Lee's Rapid Deconstruction (safe; 0% risk of failure)
Confirm with . or Enter, or press ? or * to list all spells.
Aiming: Lee's Rapid Deconstruction (safe; 0% risk of failure)
Press: ? - help, Dir - move target A stone wall.
The wall shatters!
The blast of rock fragments hits the deep elf blademaster but does no damage.
The deep elf blademaster is almost dead.
You hear a shout!
Unknown command.
You start resting.
A deep elf annihilator comes into view.
It is wielding the +8 lance "Wyrmbane" {slay drac, rPois rF+ rC+ AC+3} and wearing a +0 robe of cold resistance.
A deep elf annihilator is nearby!
Casting: Lee's Rapid Deconstruction (safe; 0% risk of failure)
Confirm with . or Enter, or press ? or * to list all spells.
Aiming: Lee's Rapid Deconstruction (safe; 0% risk of failure)
Press: ? - help, Dir - move target A stone wall.
The wall shatters!
The blast of rock fragments hits the deep elf blademaster!!
You kill the deep elf blademaster!
Vehumet accepts your kill.
The blast of rock fragments hits the deep elf annihilator.
The deep elf annihilator is severely wounded.
The deep elf annihilator casts a spell at you.
The bolt of lightning hits you!!
Ouch! That really hurt!
You die... ▓▓▓▓ ▓▓▓ #..####.########## ### #)#..####..'.#...# )|['

#..........#.#...##≈≈≈≈#
#).......###.#)..≈≈≈...e
#))).....# #)#).@##≈≈≈
#)#∩###### #.)...#
#)##...#.# #######
#'######## #.§§≈≈'.#
#)#≈§§#.# '.#.§§#.#
#.#.§.#.. ▓▓▓▓▓▓▓▓▓▓


You could see a deep elf annihilator.

Vanquished Creatures
  A deep elf blademaster (D)
  2 deep elf demonologists (D)
  A deep elf high priest (D)
  Erica (D)
  An orc high priest (D)
  4 deep elf pyromancers (D)
  3 deep elf zephyrmancers (D)
  A shadow (D)
  A spatial vortex (D)
  3 orc warriors (D)
  A necrophage (D)
  An earth elemental (D)
  A water elemental (D)
  A jelly (D)
  2 orc priests (D)
  Jessica (D)
  3 orc wizards (D)
  A wizard (D)
  A necromancer (D)
  3 humans (D)
  A kobold demonologist (D)
  A phantom (D)
  9 orcs (D)
  3 rats (D)
47 creatures vanquished.

Vanquished Creatures (others)
  3 plants (D)
3 creatures vanquished.

Grand Total: 50 creatures vanquished

Notes
Turn   | Place    | Note
-------+----------+-------------------------------------------
     0 | D        | mhtbhm the Deep Elf Earth Elementalist began the quest for
                  | the Orb.
     0 | D        | Reached XP level 1. HP: 10/10 MP: 6/6
    58 | D        | Noticed Jessica
    61 | D        | Killed Jessica
    62 | D        | Reached skill level 5 in Spellcasting
    62 | D        | Reached skill level 5 in Earth Magic
    62 | D        | Reached XP level 2. HP: 14/15 MP: 6/10
    98 | D        | Learned a level 2 spell: Passwall
   119 | D        | Gained mutation: You are agile. (Dex +2) [potion of
                  | mutation]
   119 | D        | Gained mutation: Your mind is acute. (Int +2) [potion of
                  | mutation]
   119 | D        | Gained mutation: Your spells are a little easier to cast,
                  | but a little less powerful. [potion of mutation]
   119 | D        | Gained mutation: Your muscles are strong. (Str +2) [potion
                  | of mutation]
   134 | D        | Reached XP level 3. HP: 19/19 MP: 6/12
   200 | D        | Learned a level 3 spell: Stone Arrow
   203 | D        | Noticed a water elemental
   206 | D        | Killed a water elemental
   207 | D        | Reached skill level 7 in Spellcasting
   207 | D        | Reached XP level 4. HP: 24/24 MP: 5/15
   278 | D        | Found a radiant altar of Vehumet.
   278 | D        | Found a shimmering blue altar of Sif Muna.
   278 | D        | Found an ancient bone altar of Kikubaaqudgha.
   278 | D        | Noticed a wizard
   280 | D        | Killed a wizard
   281 | D        | Reached XP level 5. HP: 28/28 MP: 12/17
   283 | D        | Noticed a chaos spawn
   285 | D        | Reached skill level 8 in Spellcasting
   390 | D        | Became a worshipper of Vehumet
   430 | D        | Learned a level 5 spell: Lee's Rapid Deconstruction
   435 | D        | Learned a level 4 spell: Petrify
   439 | D        | Found a basalt altar of Yredelemnul.
   439 | D        | Found a shadowy altar of Dithmenos.
   439 | D        | Found a sacrificial altar of Ru.
   439 | D        | Noticed a necrophage
   441 | D        | Reached skill level 1 in Conjurations
   441 | D        | Killed a necrophage
   442 | D        | Reached skill level 5 in Stealth
   442 | D        | Reached skill level 9 in Spellcasting
   442 | D        | Reached skill level 10 in Earth Magic
   442 | D        | Reached XP level 6. HP: 32/32 MP: 7/20
   519 | D        | Found a glowing silver altar of Zin.
   519 | D        | Found a glowing golden altar of the Shining One.
   519 | D        | Found a white marble altar of Elyvilon.
   519 | D        | Noticed a deep elf pyromancer
   521 | D        | Killed a deep elf pyromancer
   521 | D        | Reached * piety under Vehumet
   521 | D        | Offered knowledge of Freeze by Vehumet.
   522 | D        | Reached skill level 13 in Spellcasting
   522 | D        | Reached XP level 7. HP: 36/36 MP: 10/25
   599 | D        | Found a hide-covered altar of Uskayaw.
   599 | D        | Found an iron altar of Okawaru.
   599 | D        | Found a bloodstained altar of Trog.
   599 | D        | Found an ornate altar of the Wu Jian Council.
   599 | D        | Noticed a human
   599 | D        | Noticed a human
   601 | D        | Killed a human
   602 | D        | Killed a human
   603 | D        | Reached skill level 14 in Spellcasting
   695 | D        | Offered knowledge of Foxfire by Vehumet.
   695 | D        | Reached ** piety under Vehumet
   695 | D        | Noticed a shadow
   696 | D        | Reached XP level 8. HP: 41/41 MP: 23/28
   819 | D        | Found a blossoming altar of Fedhas.
   819 | D        | Found a stormy altar of Qazlal.
   819 | D        | Found a snail-covered altar of Cheibriados.
   819 | D        | Found a burning altar of Makhleb.
   819 | D        | Found a shimmering altar of Xom.
   820 | D        | Found a hazy altar of Hepliaklqana.
   820 | D        | Found an opulent altar of Gozag.
   820 | D        | Found a sparkling altar of Nemelex Xobeh.
   820 | D        | Found a corrupted altar of Lugonu.
   820 | D        | Found a viscous altar of Jiyva.
   858 | D        | Noticed Erica
   863 | D        | Killed Erica
   863 | D        | Offered knowledge of Mephitic Cloud by Vehumet.
   864 | D        | Reached skill level 15 in Spellcasting
   941 | D        | Reached *** piety under Vehumet
   942 | D        | Reached skill level 16 in Spellcasting
   942 | D        | Reached XP level 9. HP: 46/46 MP: 19/31
  1001 | D        | Learned a level 3 spell: Mephitic Cloud
  1013 | D        | Noticed an orc high priest
  1016 | D        | Offered knowledge of Airstrike by Vehumet.
  1017 | D        | Reached skill level 15 in Earth Magic
  1017 | D        | Reached **** piety under Vehumet
  1021 | D        | Killed an orc high priest
  1021 | D        | Reached ***** piety under Vehumet
  1022 | D        | Reached skill level 17 in Spellcasting
  1122 | D        | Found Larail's Weapon Emporium.
  1243 | D        | Noticed a deep elf pyromancer
  1243 | D        | Noticed a deep elf zephyrmancer
  1243 | D        | Noticed a deep elf pyromancer
  1243 | D        | Noticed a deep elf pyromancer
  1243 | D        | Noticed a deep elf zephyrmancer
  1251 | D        | Killed a deep elf zephyrmancer
  1251 | D        | Offered knowledge of Frozen Ramparts by Vehumet.
  1251 | D        | Reached ****** piety under Vehumet
  1251 | D        | Killed a deep elf pyromancer
  1252 | D        | Reached skill level 18 in Spellcasting
  1254 | D        | Killed a deep elf pyromancer
  1255 | D        | Reached XP level 10. HP: 51/51 MP: 19/34
  1257 | D        | Killed a deep elf zephyrmancer
  1259 | D        | Killed a deep elf pyromancer
  1260 | D        | Reached skill level 19 in Spellcasting
  1351 | D        | Noticed a deep elf high priest
  1491 | D        | Noticed a deep elf demonologist
  1491 | D        | Identified the +10 dagger of Qazlal's Anger {venom, rC+}
  1491 | D        | Noticed a deep elf demonologist
  1493 | D        | Killed a deep elf demonologist
  1493 | D        | Offered knowledge of Orb of Destruction by Vehumet.
  1493 | D        | Noticed a deep elf blademaster
  1495 | D        | Killed a deep elf demonologist
  1496 | D        | Reached skill level 20 in Spellcasting
  1496 | D        | Noticed a deep elf zephyrmancer
  1497 | D        | Killed a deep elf zephyrmancer
  1499 | D        | Noticed a deep elf high priest
  1501 | D        | Killed a deep elf high priest
  1502 | D        | Reached XP level 11. HP: 23/55 MP: 15/37
  1504 | D        | Noticed a deep elf annihilator
  1505 | D        | Killed a deep elf blademaster
  1505 | D        | Killed from afar by a deep elf annihilator

Illustrated notes

Levels and vault maps discovered:
D:        dungeon_sprint_mu [sprint_mu_entry_cave, sprint_mu_temple_rooms,
          sprint_mu_d1_horrors, sprint_mu_d2_genie, sprint_mu_d3_branching,
          sprint_mu_orc_legion, sprint_mu_elf_gauntlet, sprint_mu_hive_nellie,
          sprint_mu_lair_fedhas, sprint_mu_vaults_butterflies,
          sprint_mu_slime_circle, sprint_mu_swamp_cave, sprint_mu_shoals_archi,
          sprint_mu_blade_basic, sprint_mu_crypt_fortress,
          sprint_mu_tomb_spiral, sprint_mu_vestibule_basic,
          sprint_mu_gehenna_hellfire, sprint_mu_dis_giant,
          sprint_mu_tartarus_statrot, sprint_mu_cocytus_islands, sprint_mu_zot1]

Skill      XL: |  1  2  3  4  5  6  7  8  9 10 |
---------------+-------------------------------+-----
Earth Magic    | 5 6 8 10 12 14 17 19 | 19.1
Dodging        | 3 4 |  4.9
Stealth        | 3 4 5 6 |  6.6
Spellcasting   | 5 7 9 13 14 16 18 20 | 20.8
Conjurations   | 1 2 3 |  3.2
Transmutations | 2 3 4 |  4.7
Fighting       | |  0.5
Poison Magic   | |  0.5

Action                   |  1- 3 |  4- 6 |  7- 9 | 10-12 || total
-------------------------+-------+-------+-------+-------++-------
 Cast: Sandblast         |    12 |     4 |       |       ||    16
       Passwall          |     1 |       |     7 |       ||     8
       Stone Arrow       |     2 |     2 |       |       ||     4
       Lee's Rapid Decon |       |     4 |    27 |    11 ||    42
       Petrify           |       |       |     1 |       ||     1
       Mephitic Cloud    |       |       |     1 |       ||     1
  Use: Potion            |     1 |     1 |       |       ||     2
Dodge: Dodged            |     3 |       |       |       ||     3

Table legend: (Time is in decaauts)
 A = Elapsed time spent in this place.
 B = Non-inter-level travel time spent in this place.
 C = Inter-level travel time spent in this place.
 D = Time resting spent in this place.
 E = Time spent auto-exploring this place.
 F = Levels seen in this place.
 G = Mean time per level.
                   A        B        C        D        E       F      G
               +--------+--------+--------+--------+--------+-----+--------+
         Total |   1508 |   1508 |      0 |   1038 |     22 |   1 | 1508.0 |
       Dungeon |   1508 |   1508 |      0 |   1038 |     22 |   1 | 1508.0 |
               +--------+--------+--------+--------+--------+-----+--------+

Top non-repeatable levels by time:
       D: 1508 daAuts
